Unix NetHack Version 5.0.0-0 post-release - last build May  4 2026 22:22:43 (774f63e81ad911689b3a0859ea89b322d5daca8d,branch:main).

Game began 2026-05-09 07:04:48, ended 2026-05-09 07:22:22.

08245982402, neutral female gnomish Wizard

                                           -----
                                           |...-####   -------     ------
            #############        ------   #...^|   #   |.....|  ###.....|
            #-----------##       |....|   #|...|   ####|.....|  ###|....|
  -------   #|.........| ########|....-#  #|...|      #|.....|  #  ------
  |.....|   #|.........|        #|....|####...*|      #-.....-###
  |.....-#  #|.........|        #......# # -----       |.....|###
  |...d.|#  #|..)}}}...|         ------# #             -------##
  |......####....}}}...|       ###########              #######)
  -------    |...}}}...-########       ##         ##   ##   ####
             |.........|          ######################    #  #)#
             |`.........###########    d@             #####(###  ###
             |.........|                ##                  # #######)##
             -----------                ))###[%)            #      #---.-
                                        #)##---.------------#      #|...|
                                          ##|.......<......)#      #....|
                                          ##-.......)......|        |>..|
                                            ----------------        -----

08245982402 the Conjurer  St:9 Dx:14 Co:12 In:19 Wi:9 Ch:13  Neutral
Dlvl:1  $:8  HP:0(25) Pw:27(27) AC:9  Xp:3 T:1766 

Latest messages:
 The sewer rat bites!
 You miss the sewer rat.
 The sewer rat bites!
 You miss the sewer rat.
 The sewer rat bites!
 The kitten misses the sewer rat.
 You miss the sewer rat.
 The sewer rat bites!
 The kitten misses the sewer rat.
 You miss the sewer rat.
 The sewer rat bites!
 The kitten misses the sewer rat.
 The kitten bites the sewer rat.
 The sewer rat bites the kitten.
 You kill the sewer rat!
 Your kitten eats a sewer rat corpse.
 You swap places with your kitten.
 The sewer rat bites!
 You kill the sewer rat!
 You see here a whistle.
 You hear some noises.
 You kill the lichen!
 You see here a lichen corpse.
 There is a lichen corpse here; eat it? [ynq] (n) y
 This lichen corpse tastes okay.
 You finish eating the lichen corpse.
 You hear some noises in the distance.
 The sewer rat bites!
 You hit the sewer rat.
 The sewer rat bites!
 You miss the sewer rat.
 The coyote bites!
 The sewer rat bites!
 You kill the sewer rat!
 The coyote bites!
 The coyote bites!
 You miss the coyote.
 The coyote bites!
 You miss the coyote.
 The coyote bites!
 You hit the coyote!
 The coyote bites!
 You miss the coyote.
 The coyote bites!
 You die...
 Do you want your possessions identified? [ynq] (y) y
 Do you want to see your attributes? [ynq] (y) y
 Do you want an account of creatures vanquished? [ynaq] (y) y
 Do you want to see your conduct and achievements? [ynq] (y) y
 Do you want to see the dungeon overview? [ynq] (y) y

Inventory:
 Coins    ('$')
  $ - 8 gold pieces
 Weapons  (')')
  u - a +0 arrow
  s - a +0 boomerang
  v - 2 cursed -2 darts
  w - a blessed +0 orcish dagger
  p - a cursed +0 long sword
  a - a blessed +1 quarterstaff (weapon in hands)
 Armor    ('[')
  b - an uncursed +0 cloak of magic resistance (being worn)
 Comestibles  ('%')
  o - an uncursed food ration
 Scrolls  ('?')
  i - a blessed scroll of identify
  j - an uncursed scroll of identify
  k - an uncursed scroll of remove curse
 Spellbooks  ('+')
  l - a blessed spellbook of force bolt
  m - an uncursed spellbook of remove curse
 Potions  ('!')
  g - an uncursed potion of blindness
  h - an uncursed potion of full healing
  r - a blessed potion of gain ability
 Rings    ('=')
  d - an uncursed ring of free action
  e - an uncursed ring of shock resistance
 Wands    ('/')
  c - a wand of enlightenment (0:13)
 Tools    ('(')
  n - a magic marker (0:21)
 Gems/Stones  ('*')
  q - an uncursed worthless piece of violet glass

08245982402 the Wizard's attributes:

Background:
 You were a Conjurer, a level 3 female gnomish Wizard.
 You were neutral, nominally on a mission for Thoth
 who was opposed by Ptah (lawful) and Anhur (chaotic).
 You were right-handed.
 You were in the Dungeons of Doom, on level 1.
 You entered the dungeon 1766 turns ago.
 You had 47 experience points, 33 more were needed to attain level 4.

Basics:
 You had 0 out of 25 hit points.
 You had all 27 energy points (spell power).
 Your armor class was 9.
 Your wallet contained 8 zorkmids.
 Autopickup was off.

Final Characteristics:
 Your strength was 9 (limit:18/50).
 Your dexterity was 14 (limit:18).
 Your constitution was 12 (limit:18).
 Your intelligence was 19 (limit:19).
 Your wisdom was 9 (limit:18).
 Your charisma was 13 (limit:18).

Final Status:
 You weren't hungry.
 You were unencumbered.
 You were wielding a quarterstaff.
 You had basic skill with quarterstaff.

Final Attributes:
 You were devoutly aligned.
 You were magic-protected.
 You had infravision.
 You were warded.
 You are dead.

Miscellaneous:
 You didn't encounter any bones levels.
 Total elapsed playing time was 17 minutes and 33 seconds.

Major events:
 Turn
    1: 08245982402 the neutral female gnomish Wizard entered the dungeon
 1657: attained the rank of Conjurer (level 3)
 1766: killed by a coyote

Spells:
 Name                 Level Category     Fail Retention
 force bolt             1   attack         0%  91%-100%
 remove curse           3   clerical      72%  76%-100%

Skills:
 Fighting Skills
   bare handed combat [Unskilled]
   riding             [Unskilled]
 Weapon Skills
   dagger             [Unskilled]
   knife              [Unskilled]
   axe                [Unskilled]
   short sword        [Unskilled]
   club               [Unskilled]
   mace               [Unskilled]
   quarterstaff       [Basic]
   polearms           [Unskilled]
   spear              [Unskilled]
   trident            [Unskilled]
   sling              [Unskilled]
   dart               [Unskilled]
   shuriken           [Unskilled]
 Spellcasting Skills
   attack spells      [Basic]
   healing spells     [Unskilled]
   divination spells  [Unskilled]
   enchantment spells [Basic]
   clerical spells    [Unskilled]
   escape spells      [Unskilled]
   matter spells      [Unskilled]

Voluntary challenges:
 Character rerolling was not enabled.
 You were an atheist.
 You were illiterate.
 You never genocided any monsters.
 You never polymorphed an object.
 You never changed form.
 You used no wishes.
Achievement:
 You attained the rank of Conjurer.

 The Dungeons of Doom:
    Level 1: <- You were here.
       Final resting place for
          you, killed by a coyote.


Vanquished creatures:
  a gnome zombie
  9 jackals
  4 kobolds
  a goblin
  5 sewer rats
 11 grid bugs
  5 lichens
  a kobold zombie
  2 newts
39 creatures vanquished.

No species were genocided or became extinct.

Game over:
                       ----------
                      /          \
                     /    REST    \
                    /      IN      \
                   /     PEACE      \
                  /                  \
                  |   08245982402    |
                  |       8 Au       |
                  |   killed by a    |
                  |      coyote      |
                  |                  |
                  |                  |
                  |       2026       |
                 *|     *  *  *      | *
        _________)/\\_//(\/(/\)/\//\/|_)_______

Goodbye 08245982402 the Wizard...

You died in The Dungeons of Doom on dungeon level 1 with 196 points,
and 8 pieces of gold, after 1766 moves.
You were level 3 with a maximum of 25 hit points when you died.

